[Event "New York Summer GM-A 2022"]
[Site "New York"]
[Date "2022.07.09"]
[Round "3.4"]
[White "Saric, Ante"]
[Black "Ostrovskiy, Aleksandr"]
[Result "1-0"]
[ECO "E11"]
[WhiteElo "2510"]
[BlackElo "2392"]
[Annotator "TA"]
[PlyCount "117"]
[EventDate "2022.07.08"]
[EventType "tourn"]
[EventCountry "USA"]
[SourceTitle "playchess.com"]
[Source "ChessBase"]
[SourceQuality "1"]
[TimeControl "5400+30"]

1. d4 Nf6 2. Nf3 e6 3. c4 Bb4+ 4. Nbd2 O-O 5. a3 Be7 6. e4 d6 {[%emt 0:00:06] E11: Bogo-Indian.} 7. Be2 $1 {[%emt 0:00:28] 7.Be2 is better than 7.Bd3.} Nfd7 8. b4 e5 {[%emt 0:01:52] White has an edge.} 9. Bb2 exd4 10. Nxd4 Bf6 {[%emt 0:00:38] [#] ...c5 is the strong threat.} 11. Qb3 $146 ({Predecessor:} 11. Qc2 a5 12. O-O axb4 13. axb4 Rxa1 14. Rxa1 Na6 15. b5 Nac5 16. N4b3 Re8 17. Bxf6 Qxf6 {½-½ (44) Esipenko,A (2523)-Matlakov,M (2730) Sochi 2017}) 11... Re8 12. O-O Nc6 13. Nc2 a5 14. Rfe1 Be5 15. Bf1 Qf6 16. Rab1 axb4 17. axb4 Nd4 18. Nxd4 Bxd4 19. Bxd4 Qxd4 20. Rbd1 Qb6 21. Qc3 Ne5 22. h3 h6 23. Ra1 Rxa1 24. Rxa1 Bd7 25. Nb3 Nc6 (25... Ng6 $5 ) 26. b5 Nd8 27. c5 dxc5 28. Qxc5 Ne6 29. Qxb6 cxb6 30. Rd1 Bc8 31. Rd6 Nc7 32. Nd2 Kf8 33. Rxb6 Rd8 34. Nc4 Ke7 {[%emt 0:00:17] [#] Against Nd6. Strongly threatening ...Na8.} 35. e5 $1 Na8 {[%emt 0:00:46] White leaves nothing to chance now.} (35... Ne8 $14) 36. Rd6 $16 Be6 37. f4 {[%emt 0:02:51] White is more active.} Nc7 38. Rb6 Bd5 39. Nd6 Rb8 (39... Rd7 $16 {was called for.} 40. g3 (40. Nxb7 Na8 $17) 40... Na8 41. Nf5+ Kf8) 40. Nf5+ $18 Kf8 41. Rd6 {[%emt 0:00:20] Black must now prevent b6.} b6 (41... Ba2 {keeps fighting.} 42. b6 Ne6) 42. g4 Be4 43. Ng3 Bd5 44. Kf2 g6 $2 (44... Ba2 45. Bd3 Ke8) 45. f5 Ra8 46. Rxb6 Ra3 47. Rb8+ Ke7 48. b6 Ne8 49. f6+ Nxf6 50. exf6+ Kxf6 51. Be2 {[%emt 0:00:43] Inhibits Rf3+.} Rb3 52. Nf1 Kg5 53. Ne3 Be4 54. Bf3 f5 55. gxf5 gxf5 56. Bxe4 {[%emt 0:00:18] White mates.} fxe4 57. b7 Kh4 58. Nc4 Kxh3 59. Na5 {[%emt 0:00:14] Weighted Error Value: White=0.15 (very precise) /Black=0.23 (precise)} 1-0

[Event "New York Summer GM-A 2022"]
[Site "New York"]
[Date "2022.07.09"]
[Round "3.5"]
[White "Dragun, Kamil"]
[Black "Song, Michael"]
[Result "1-0"]
[ECO "B30"]
[WhiteElo "2563"]
[BlackElo "2409"]
[Annotator "TA"]
[PlyCount "67"]
[EventDate "2022.07.08"]
[EventType "tourn"]
[EventCountry "USA"]
[SourceTitle "playchess.com"]
[Source "ChessBase"]
[SourceQuality "1"]
[TimeControl "5400+30"]

1. e4 c5 2. Nf3 Nc6 3. Bb5 e5 4. O-O Bd6 5. Na3 Nge7 6. c3 {[%emt 0:14:38] [#] B30: Sicilian: 2...Nc6 3 Bb5, lines without ...g6.} a6 $146 ({Predecessor:} 6... O-O 7. d4 cxd4 8. cxd4 exd4 9. Nxd4 Qc7 10. h3 a6 11. Be2 Nxd4 12. Qxd4 Be5 {½-½ (21) Bodi,T (2384)-Mendonca,L (2538) Budapest 2021}) 7. Be2 (7. Nc4 $5 Bc7 8. Bxc6 Nxc6 9. d4 $11) 7... O-O 8. d4 {[%emt 0:03:51] The position is equal.} cxd4 9. cxd4 exd4 10. Nc2 Bc5 11. Ncxd4 d5 12. Nxc6 bxc6 13. Qc2 Bb6 14. Bd3 h6 15. b3 Bb7 (15... Bg4 $11) 16. Ba3 c5 17. Rad1 {[%emt 0:01:25] White is more active.} Qc7 18. exd5 Nxd5 19. Bh7+ Kh8 20. Be4 Nf4 21. Bb2 {[%emt 0:04:30] Black must now prevent Be5.} Rae8 {[%emt 0:02:05] [#] Against Be5. A mistake that costs the game.} (21... Bxe4 $16 22. Qxe4 Ne6) 22. Be5 $1 $18 Rxe5 23. Nxe5 Bc8 24. Nc4 Ba7 25. g3 Nh3+ 26. Kh1 f5 (26... Ng5 $142 27. f3 Bb8) 27. Bg2 f4 28. Qg6 {[%emt 0:03:32] Inhibits Bg4. White is clearly winning.} Bb8 29. Nd6 ({Less strong is} 29. Be4 Ng5 $16) 29... Ng5 {[%emt 0:00:15] aiming for ...f3.} 30. Rfe1 Bg4 31. Re8 Rxe8 32. Qxe8+ Kh7 {[%emt 0:00:01] [#]} 33. Bd5 $1 {[%emt 0:01:19] Threatening mate with Bg8+.} h5 {[%emt 0:00:02] [#]} (33... Be6 34. Bxe6) 34. f3 {[%emt 0:01:06] Weighted Error Value: White=0.06 (flawless) /Black=0.33} (34. gxf4 $142 $1 Bf3+ 35. Bxf3 Nxf3 36. Rd5 Qxd6 37. Rxd6 Bxd6 38. Qxh5+ Kg8 39. Qd5+ Kh8 40. Qxd6) 1-0

[Event "New York Summer GM-A 2022"]
[Site "New York"]
[Date "2022.07.09"]
[Round "4.1"]
[White "Zhou, Liran"]
[Black "Song, Michael"]
[Result "1/2-1/2"]
[ECO "C40"]
[WhiteElo "2393"]
[BlackElo "2409"]
[Annotator "RC"]
[PlyCount "105"]
[EventDate "2022.07.08"]
[EventType "tourn"]
[EventCountry "USA"]
[SourceTitle "playchess.com"]
[Source "ChessBase"]
[SourceQuality "1"]
[TimeControl "5400+30"]

1. e4 e5 2. Nf3 f5 3. Nxe5 Nf6 4. Bc4 Qe7 5. d4 Nc6 6. Bf7+ Kd8 7. O-O Nxe5 8. dxe5 Qxe5 9. exf5 Bd6 10. g3 Qxf5 11. Nc3 b6 12. Be3 Bb7 13. Bd4 Bf3 14. Qd3 Qxd3 15. cxd3 Rf8 16. Bb3 Bc5 17. Be5 d6 18. d4 dxe5 19. dxc5 Nd7 20. cxb6 axb6 21. Rfe1 c6 22. Re3 Kc7 23. Rc1 g6 24. Nb5+ Kb7 25. Nd6+ Kc7 26. Nf7 e4 27. Ng5 Nc5 28. Bc2 Rf5 29. h4 h6 30. Nxe4 Bxe4 31. Bxe4 Nxe4 32. Rxe4 Rxa2 33. Rc2 Kd6 34. Rce2 Kd5 35. Re8 Ra1+ 36. Kg2 Rf6 37. R8e5+ Kd6 38. f4 Rd1 39. h5 gxh5 40. Rxh5 b5 41. Rhe5 c5 42. Re8 Rb1 43. Ra8 Kd5 44. Rc8 Kd4 45. Rd2+ Ke3 46. Rc2 c4 47. Rc5 Rb6 48. Re5+ Kd3 49. Rce2 b4 50. R5e3+ Kd4 51. Re4+ Kd3 52. R4e3+ Kd4 53. Re4+ 1/2-1/2

[Event "New York Summer GM-A 2022"]
[Site "New York"]
[Date "2022.07.09"]
[Round "4.2"]
[White "Ostrovskiy, Aleksandr"]
[Black "Dragun, Kamil"]
[Result "0-1"]
[ECO "B42"]
[WhiteElo "2392"]
[BlackElo "2563"]
[Annotator "TA"]
[PlyCount "64"]
[EventDate "2022.07.08"]
[EventType "tourn"]
[EventCountry "USA"]
[SourceTitle "playchess.com"]
[Source "ChessBase"]
[SourceQuality "1"]
[TimeControl "5400+30"]

1. e4 c5 2. Nf3 e6 3. d4 cxd4 4. Nxd4 a6 5. Bd3 Bc5 6. Nb3 Ba7 7. Qe2 {[%emt 0:00:29] 7.Qe2 is better than 7.0-0.} Ne7 {[%emt 0:00:09] B42: Sicilian: Kan Variation: 5 Bd3.} 8. O-O O-O 9. Be3 {[%emt 0:01:13] is the legacy move (9.c4).} d6 {[%emt 0:00:42] White is slightly better.} 10. c4 Nbc6 11. Nc3 e5 12. Bxa7 Rxa7 13. Qe3 Be6 14. Rfd1 Qb8 15. Bf1 b6 {[%emt 0:08:30] [#]} 16. Rac1 $146 ({Predecessor:} 16. Rd2 Rd8 17. Rad1 Rb7 18. Nd5 a5 19. Nc3 Ra7 20. Nb5 Rad7 21. Na1 f5 22. exf5 Nxf5 {½-½ (32) Motylev,A (2676)-Andreikin,D (2706) Nizhnij Novgorod 2013}) 16... f5 17. exf5 Nxf5 18. Qe4 Nce7 19. Nd5 Ng6 20. g3 Raf7 21. Rd2 a5 22. Bg2 a4 23. Na1 Nd4 24. Ne3 {[%emt 0:07:32] [#]} ({Don't play} 24. Rxd4 Bf5 25. Qe3 exd4 26. Qxd4 b5 $15) (24. Qe3 $5 ) 24... Bh3 $1 25. Bxh3 Nf3+ 26. Kh1 {[%emt 0:00:27][%cal Oh3e6] aiming for Be6!} Nxd2 27. Qd5 $132 {[%emt 0:00:03][%mdl 2048] [#] Threatens to win with Be6. White puts up resistance} Kh8 $1 28. Qxd2 {[%emt 0:00:42] Hoping for Nd1.} Rxf2 29. Qb4 ({But not} 29. Qd5 Ne7 30. Qd3 b5 31. cxb5 Rxb2 $15) 29... Qb7+ 30. Bg2 $2 {[%emt 0:00:34][%mdl 8192] [#]} (30. Kg1 $11) 30... Qxg2+ $3 {[%emt 0:00:32][%mdl 576] Remove Defender, Deflection, Back Rank. Black mates.} 31. Nxg2 Rf1+ {[%emt 0:00:04][%mdl 64] Back Rank} 32. Rxf1 Rxf1# {[%emt 0:00:04] Weighted Error Value: White=0.23 (precise) /Black=0.02 (flawless)} 0-1

[Event "New York Summer GM-A 2022"]
[Site "New York"]
[Date "2022.07.09"]
[Round "4.4"]
[White "Lu, Maximillian"]
[Black "Khamrakulov, Djurabek"]
[Result "0-1"]
[ECO "D20"]
[WhiteElo "2398"]
[BlackElo "2492"]
[Annotator "RC"]
[PlyCount "72"]
[EventDate "2022.07.08"]
[EventType "tourn"]
[EventCountry "USA"]
[SourceTitle "playchess.com"]
[Source "ChessBase"]
[SourceQuality "1"]
[TimeControl "5400+30"]

1. d4 d5 2. c4 dxc4 3. e4 Nf6 4. e5 Nd5 5. Bxc4 Bf5 6. Qb3 c6 7. Nc3 e6 8. Nxd5 exd5 9. Bd3 Bxd3 10. Qxd3 Bb4+ 11. Bd2 Bxd2+ 12. Qxd2 O-O 13. Ne2 Na6 14. O-O Nc7 15. b4 Ne6 16. Rab1 Rc8 17. Rb3 f5 18. exf6 Qxf6 19. f4 Ng5 20. Re3 Ne4 21. Qd3 Nd6 22. Ng3 Rce8 23. f5 Rxe3 24. Qxe3 Re8 25. Qf4 Ne4 26. Qe3 Nd6 27. Qf4 Nb5 28. Rd1 Qe7 29. h4 Qe3+ 30. Qf2 Kf7 31. Rd2 Nc3 32. Kh2 Qxf2 33. Rxf2 Re3 34. Rf4 Nxa2 35. f6 g6 36. Nf1 Re6 0-1

[Event "New York Summer GM-A 2022"]
[Site "New York"]
[Date "2022.07.09"]
[Round "4.5"]
[White "Korley, Kassa"]
[Black "Kaliksteyn, Alexander"]
[Result "1/2-1/2"]
[ECO "E04"]
[WhiteElo "2421"]
[BlackElo "2380"]
[Annotator "RC"]
[PlyCount "109"]
[EventDate "2022.07.08"]
[EventType "tourn"]
[EventCountry "USA"]
[SourceTitle "playchess.com"]
[Source "ChessBase"]
[SourceQuality "1"]
[TimeControl "5400+30"]

1. Nf3 d5 2. g3 c5 3. Bg2 Nc6 4. d4 Nf6 5. O-O e6 6. c4 dxc4 7. dxc5 Qxd1 8. Rxd1 Bxc5 9. Nfd2 Nd4 10. Nc3 Nd5 11. Nxd5 exd5 12. Bxd5 Bg4 13. Bxb7 Rd8 14. Kg2 Bxe2 15. Re1 O-O 16. Ba6 c3 17. Bxe2 cxd2 18. Bxd2 Nc2 19. Bc3 Bd4 20. Bxd4 Nxe1+ 21. Rxe1 Rxd4 22. Bf3 Rd2 23. Re7 g6 24. Rxa7 Rc8 25. Be4 f5 26. Ra8 Rxa8 27. Bxa8 Rxb2 28. Bd5+ Kg7 29. h4 Kf6 30. Bb3 h6 31. Kf3 Ke5 32. Ke3 Rb1 33. Bf7 g5 34. hxg5 hxg5 35. Bb3 Rb2 36. Bc4 f4+ 37. gxf4+ gxf4+ 38. Kf3 Rc2 39. Bb3 Rc3+ 40. Kg2 Ke4 41. Bf7 Rc6 42. Bh5 Ra6 43. Bf7 Ra7 44. Bg6+ Ke5 45. Bh5 Rxa2 46. Bf3 Ra7 47. Bc6 Rc7 48. Ba8 Kf5 49. Bd5 Rg7+ 50. Kf3 Rd7 51. Be4+ Kg5 52. Kg2 Rd4 53. Bb7 Rd3 54. Be4 Rc3 55. Bf3 1/2-1/2

[Event "New York Summer GM-A 2022"]
[Site "New York"]
[Date "2022.07.10"]
[Round "5.1"]
[White "Kaliksteyn, Alexander"]
[Black "Zhou, Liran"]
[Result "0-1"]
[ECO "A47"]
[WhiteElo "2380"]
[BlackElo "2393"]
[Annotator "RC"]
[PlyCount "98"]
[EventDate "2022.07.08"]
[EventType "tourn"]
[EventCountry "USA"]
[SourceTitle "playchess.com"]
[Source "ChessBase"]
[SourceQuality "1"]
[TimeControl "5400+30"]

1. d4 Nf6 2. Nf3 e6 3. Bf4 c5 4. e3 b6 5. Nbd2 Be7 6. h3 Bb7 7. Bd3 d6 8. Bh2 O-O 9. O-O Nc6 10. c3 e5 11. dxe5 dxe5 12. Qc2 Bd6 13. Ne4 h6 14. Rad1 Nxe4 15. Bxe4 Qe7 16. Rd2 Rad8 17. Rfd1 Rfe8 18. Bg3 b5 19. Bh4 g5 20. Bg3 Qf6 21. Qd3 c4 22. Qxd6 Rxd6 23. Rxd6 Re6 24. Rd7 Ba8 25. Rc7 Re8 26. Rdd7 Nd4 27. Bh7+ Kxh7 28. Rxf7+ Qxf7 29. Rxf7+ Kg8 30. Rxa7 Nxf3+ 31. gxf3 Bxf3 32. Ra5 h5 33. h4 Rd8 34. Bxe5 Rd5 35. Bf6 gxh4 36. Bxh4 Kf7 37. Kh2 Be4 38. Kg3 Rf5 39. f4 Rd5 40. Ra7+ Kg6 41. Ra6+ Kf7 42. Rf6+ Kg7 43. Re6 Bf5 44. Re7+ Kf8 45. e4 Rd3+ 46. Kg2 Re3 47. exf5 Rxe7 48. Bxe7+ Kxe7 49. b3 b4 0-1

[Event "New York Summer GM-A 2022"]
[Site "New York"]
[Date "2022.07.10"]
[Round "5.2"]
[White "Khamrakulov, Djurabek"]
[Black "Korley, Kassa"]
[Result "1/2-1/2"]
[ECO "C47"]
[WhiteElo "2492"]
[BlackElo "2421"]
[Annotator "RC"]
[PlyCount "49"]
[EventDate "2022.07.08"]
[EventType "tourn"]
[EventCountry "USA"]
[SourceTitle "playchess.com"]
[Source "ChessBase"]
[SourceQuality "1"]
[TimeControl "5400+30"]

1. e4 e5 2. Nf3 Nf6 3. Nc3 Nc6 4. d4 exd4 5. Nxd4 Bb4 6. Nxc6 bxc6 7. Bd3 d5 8. exd5 O-O 9. O-O Bg4 10. f3 Bh5 11. dxc6 Qd4+ 12. Kh1 Bxc3 13. bxc3 Qxc3 14. Rb1 Qxc6 15. Rb3 Rfd8 16. Bb2 Bg6 17. Qa1 Rab8 18. Bxf6 Qxf6 19. Qxf6 gxf6 20. Rfb1 Rb6 21. Kg1 Rd4 22. Rxb6 axb6 23. Rb3 Bxd3 24. cxd3 Ra4 25. a3 1/2-1/2

[Event "New York Summer GM-A 2022"]
[Site "New York"]
[Date "2022.07.10"]
[Round "5.3"]
[White "Saric, Ante"]
[Black "Lu, Maximillian"]
[Result "1/2-1/2"]
[ECO "D79"]
[WhiteElo "2510"]
[BlackElo "2398"]
[Annotator "TA"]
[PlyCount "102"]
[EventDate "2022.07.08"]
[EventType "tourn"]
[EventCountry "USA"]
[SourceTitle "playchess.com"]
[Source "ChessBase"]
[SourceQuality "1"]
[TimeControl "5400+30"]

1. d4 Nf6 2. c4 g6 3. g3 c6 4. Bg2 d5 5. cxd5 cxd5 6. Nc3 Bg7 7. Nf3 O-O 8. Ne5 Bf5 {[%emt 0:01:01] now supersedes 8...e6.} 9. O-O Ne4 10. Bf4 Nxc3 {[%emt 0:04:52] D79: Fianchetto Grünfeld: Symmetrical Variation (6 0-0 c6 7 cxd5 cxd5).} 11. bxc3 Nc6 12. Nxc6 bxc6 13. Qa4 Qb6 14. e4 dxe4 {[%emt 0:02:19] [#]} 15. Rfb1 $146 {[%emt 0:00:13][%cal Bf1b1,Bb1b7,Bb7e7,Be7e5,Be5a5][%mdl 32] Prevents Qb5.} ({Predecessor:} 15. Rab1 Qd8 16. Rb7 Rc8 17. Rxa7 Ra8 18. Rb1 Rxa7 19. Qxa7 e5 20. Be3 exd4 21. cxd4 Qa8 22. Rb7 Qxa7 23. Rxa7 Rd8 24. Ra4 h5 25. h3 Re8 26. Rb4 {½-½ (26) Roubaud,D (2534)-Stephan,J (2565) ICCF email 2013}) 15... Qd8 16. Rb7 Qd5 17. Rxe7 c5 18. Be5 cxd4 19. cxd4 Rfd8 20. Re1 Bxe5 ({Better is} 20... Bf8 $11 21. Rxa7 Bg7) 21. Rxe5 $14 Qd7 22. Qxd7 {[%emt 0:00:37] White is more active.} Rxd7 23. Bxe4 Bxe4 24. R1xe4 {[%emt 0:00:15][%mdl 4096] Endgame KRR-KRR} Rad8 25. Ra5 Rxd4 (25... Rb8 $16) 26. Rxd4 $18 Rxd4 27. Rxa7 $16 {[%emt 0:00:07] KR-KR} h5 28. h4 Rd2 (28... Rd1+ $16 {was necessary.} 29. Kg2 Kf8) 29. Kg2 Kg7 30. Kf3 Kf6 31. Ra6+ Kg7 (31... Ke5 $142 32. Ke3 Rb2) 32. Ke3 Rc2 33. a4 Ra2 34. a5 Kh6 35. Ra8 Kg7 36. a6 Kf6 37. f3 {[%emt 0:11:20] [#] Strongly threatening Kd4.} Kf5 38. Kd4 Ra3 39. Kc5 $2 ({White must play} 39. a7 $18) 39... Rxf3 $11 {[%emt 0:00:02] The position is equal.} 40. Kb4 Rf1 41. Rc8 Rb1+ 42. Ka5 Ra1+ 43. Kb6 Rb1+ 44. Kc6 {[%emt 0:00:56] [#] Hoping for a7.} Ra1 45. Kb7 Rb1+ 46. Ka8 Kg4 47. Rc3 f5 48. a7 Rb2 49. Rd3 Rb1 50. Re3 Rb2 51. Rc3 Rb1 {[%emt 0:00:06] White really could win this.  Weighted Error Value: White=0.13 (very precise) /Black=0.13 (very precise)} 1/2-1/2

[Event "New York Summer GM-A 2022"]
[Site "New York"]
[Date "2022.07.10"]
[Round "5.4"]
[White "Dragun, Kamil"]
[Black "Williams, Justus"]
[Result "1-0"]
[ECO "C50"]
[WhiteElo "2563"]
[BlackElo "2390"]
[Annotator "TA"]
[PlyCount "91"]
[EventDate "2022.07.08"]
[EventType "tourn"]
[EventCountry "USA"]
[SourceTitle "playchess.com"]
[Source "ChessBase"]
[SourceQuality "1"]
[TimeControl "5400+30"]

1. e4 e5 2. Nf3 Nc6 3. Bc4 Bc5 4. d3 Nf6 5. Nc3 h6 6. h3 a6 {[%emt 0:02:18] C50: Hungarian Defence and Giuoco Pianissimo.} 7. a4 {[%emt 0:00:10] 7.Be3 is a critical line.} d6 8. O-O g5 {[%emt 0:03:49] The position is equal.} 9. Nh2 {[%emt 0:00:12] [#] Inhibits g4.} Nd4 $146 ({Predecessor:} 9... Rg8 10. Be3 h5 11. Bxc5 dxc5 12. Nd5 g4 13. h4 Be6 14. Ne3 Qd7 15. g3 O-O-O {0-1 (37) Souleidis,G (2436)-Hovhannisyan,R (2621) Tegernsee 2018}) 10. Nd5 Nxd5 11. Bxd5 c6 12. Ba2 h5 13. c3 Ne6 14. d4 Bb6 15. dxe5 dxe5 16. Qxd8+ Bxd8 17. Be3 {[%emt 0:00:27] Inhibits Nc5.} Nf4 18. Rfd1 Bf6 19. Rd2 Be6 20. Bxf4 exf4 21. Bxe6 fxe6 22. Rad1 Rd8 23. Rxd8+ Bxd8 $11 {[%emt 0:00:02][%mdl 4096] Endgame KRB-KRN} 24. Nf3 Bf6 25. Nd2 Ke7 26. Nb3 Rc8 27. Kf1 c5 28. a5 Be5 29. Nd2 Bc7 30. Nc4 Rd8 31. Ke2 Rxd1 32. Kxd1 {[%emt 0:00:21] KB-KN} Kd7 33. Kc2 Kc6 34. b4 g4 (34... Kb5 $5 35. Kb3 cxb4 36. cxb4 Bd8 $11) 35. f3 gxh3 36. gxh3 cxb4 (36... Kb5 $5 37. Kb3 Bd8 $11) 37. cxb4 Kd7 38. Kc3 e5 39. Nb2 Ke7 40. Nd3 Kf6 (40... Kd7 $11) 41. Nc5 $16 Kg5 {[%emt 0:05:22] aiming for ...Kh4.} 42. Ne6+ (42. Nxb7 $16 {Strongly threatening Nc5.} Kh4 43. Nc5 Kxh3 44. Nxa6) 42... Kh4 $11 43. Nxc7 {[%emt 0:00:06] White wants to mate with Kd2.} Kg3 $2 {[%emt 0:01:51][%mdl 8192] [#]} (43... Kxh3 $11 44. Nxa6 h4) 44. Nxa6 $1 {[%emt 0:00:35] White mates.} bxa6 45. b5 $1 Kxf3 46. bxa6 {[%emt 0:00:14] Weighted Error Value: White=0.07 (flawless) /Black=0.23 (precise)} 1-0

[Event "New York Summer GM-A 2022"]
[Site "New York"]
[Date "2022.07.10"]
[Round "5.5"]
[White "Song, Michael"]
[Black "Ostrovskiy, Aleksandr"]
[Result "1-0"]
[ECO "D32"]
[WhiteElo "2409"]
[BlackElo "2392"]
[Annotator "RC"]
[PlyCount "83"]
[EventDate "2022.07.08"]
[EventType "tourn"]
[EventCountry "USA"]
[SourceTitle "playchess.com"]
[Source "ChessBase"]
[SourceQuality "1"]
[TimeControl "5400+30"]

1. d4 d5 2. c4 e6 3. Nc3 c5 4. cxd5 cxd4 5. Qxd4 Nc6 6. Qd1 exd5 7. Qxd5 Bd6 8. Nf3 Nf6 9. Qd1 O-O 10. g3 Bb4 11. Bd2 Qe7 12. Bg2 Rd8 13. O-O Bxc3 14. bxc3 Ne4 15. Qc1 Nxd2 16. Nxd2 Qxe2 17. Re1 Qa6 18. Nb3 Bf5 19. Qf4 Bg6 20. Re3 h6 21. h4 Qa3 22. g4 Bc2 23. c4 Bxb3 24. Rxb3 Qe7 25. Bd5 Rd7 26. g5 hxg5 27. hxg5 g6 28. Rh3 Qe5 29. Qxe5 Nxe5 30. f4 Nc6 31. Kf2 Rad8 32. f5 gxf5 33. g6 Kg7 34. gxf7 Ne5 35. Rg1+ Ng4+ 36. Kf3 b5 37. Kf4 Kg6 38. Re1 Rxd5 39. cxd5 Kxf7 40. Rh7+ Kg6 41. Rxa7 Rxd5 42. Re6+ 1-0

[Event "New York Summer GM-A 2022"]
[Site "New York"]
[Date "2022.07.10"]
[Round "6.1"]
[White "Zhou, Liran"]
[Black "Ostrovskiy, Aleksandr"]
[Result "0-1"]
[ECO "C63"]
[WhiteElo "2393"]
[BlackElo "2392"]
[Annotator "RC"]
[PlyCount "106"]
[EventDate "2022.07.08"]
[EventType "tourn"]
[EventCountry "USA"]
[SourceTitle "playchess.com"]
[Source "ChessBase"]
[SourceQuality "1"]
[TimeControl "5400+30"]

1. e4 e5 2. Nf3 Nc6 3. Bb5 f5 4. d3 fxe4 5. dxe4 Nf6 6. O-O Bc5 7. Nc3 d6 8. Bg5 O-O 9. Bc4+ Kh8 10. Nd5 Be6 11. Nh4 Bxd5 12. exd5 Ne7 13. Qd3 Qd7 14. h3 Nh5 15. Rae1 a6 16. Nf3 Ng6 17. Nd2 Ngf4 18. Qf3 Bb6 19. Ne4 Qe8 20. Qg4 h6 21. Bh4 g5 22. Bg3 Nf6 23. Nxf6 Rxf6 24. Re4 Qg6 25. Bxf4 Qxe4 26. Bxg5 Rxf2 27. Qxe4 Rf4+ 28. Kh2 Rxe4 29. Bd3 Rb4 30. Bxh6 e4 31. c3 Rxb2 32. Bxe4 Re8 33. Bg6 Rg8 34. Rf6 Ba5 35. h4 Bxc3 36. Re6 Bd2 37. Be4 Bxh6 38. Rxh6+ Kg7 39. Rh7+ Kf6 40. h5 Rxa2 41. Rxc7 Ra4 42. Bf3 b5 43. Rd7 Rh4+ 44. Kg1 Ke5 45. Ra7 b4 46. Rxa6 Rb8 47. g4 b3 48. Ra4 b2 49. Re4+ Kf6 50. Rf4+ Kg7 51. Be4 Rb4 52. h6+ Rxh6 53. g5 Rh5 0-1

[Event "New York Summer GM-A 2022"]
[Site "New York"]
[Date "2022.07.10"]
[Round "6.2"]
[White "Williams, Justus"]
[Black "Song, Michael"]
[Result "1/2-1/2"]
[ECO "B07"]
[WhiteElo "2390"]
[BlackElo "2409"]
[Annotator "RC"]
[PlyCount "137"]
[EventDate "2022.07.08"]
[EventType "tourn"]
[EventCountry "USA"]
[SourceTitle "playchess.com"]
[Source "ChessBase"]
[SourceQuality "1"]
[TimeControl "5400+30"]

1. d4 d6 2. e4 Nf6 3. Nc3 c6 4. Nf3 Bg4 5. Be2 e6 6. Be3 d5 7. e5 Nfd7 8. Ng5 Bxe2 9. Qxe2 Be7 10. Qh5 g6 11. Qh6 Bf8 12. Qh3 Bg7 13. O-O-O Na6 14. f4 Nc7 15. Bf2 h6 16. Nf3 Nb5 17. Ne2 Qa5 18. Kb1 Na3+ 19. bxa3 Qb5+ 20. Kc1 Qxe2 21. Rd3 Qxf2 22. Re1 c5 23. Rd2 Qxe1+ 24. Nxe1 cxd4 25. Nf3 Nc5 26. Nxd4 Rc8 27. Nb5 O-O 28. Nxa7 Ra8 29. Qe3 Rxa7 30. Qxc5 Rfa8 31. Rd3 Bf8 32. Qb5 Bxa3+ 33. Kd1 Bf8 34. Rc3 b6 35. Qxb6 Rxa2 36. Rc7 R8a4 37. Rc8 Ra8 38. Rc7 R8a4 39. Qb8 Rc4 40. Rxc4 dxc4 41. Qc8 Ra4 42. Qc6 Rb4 43. Ke2 h5 44. Kf3 Kg7 45. c3 Rb3 46. Qxc4 Ra3 47. Ke4 Ra1 48. Qc7 Rh1 49. Qa7 Rxh2 50. Qg1 Rh4 51. Kf3 g5 52. g3 Rg4 53. Qh2 Kh6 54. Qd2 gxf4 55. gxf4 Kg7 56. Qh2 Kh6 57. Qa2 Kg7 58. Qa7 Rg6 59. Qf2 Be7 60. c4 h4 61. c5 Rg3+ 62. Ke4 Rc3 63. Qg2+ Kf8 64. f5 h3 65. Qd2 exf5+ 66. Kxf5 Rxc5 67. Qh6+ Ke8 68. Qh8+ Bf8 69. Qxh3 1/2-1/2

[Event "New York Summer GM-A 2022"]
[Site "New York"]
[Date "2022.07.10"]
[Round "6.3"]
[White "Lu, Maximillian"]
[Black "Dragun, Kamil"]
[Result "0-1"]
[ECO "E11"]
[WhiteElo "2398"]
[BlackElo "2563"]
[Annotator "TA"]
[PlyCount "78"]
[EventDate "2022.07.08"]
[EventType "tourn"]
[EventCountry "USA"]
[SourceTitle "playchess.com"]
[Source "ChessBase"]
[SourceQuality "1"]
[TimeControl "5400+30"]

1. c4 e6 2. g3 d5 3. d4 Nf6 4. Bg2 Bb4+ 5. Bd2 Be7 6. Nf3 c6 7. Qc2 Nbd7 8. O-O O-O 9. Rd1 b6 10. b3 a5 {[%emt 0:00:28] E11: Bogo-Indian.} 11. Bc3 Ne4 {[%emt 0:00:23] [#]} 12. Nfd2 $146 ({Predecessor:} 12. Ne5 Nxe5 13. Bxe4 Ng6 14. Bg2 Ba6 15. Nd2 f5 16. e3 Rc8 17. Rac1 Ba3 18. Bb2 {0-1 (63) Sargissian,G (2596)-Sarana,A (2689) Riga 2021}) 12... f5 {[%emt 0:03:40] The position is equal.} 13. Nxe4 fxe4 14. Nd2 Bd6 15. f3 exf3 (15... Qg5 $11) 16. Bxf3 (16. exf3 $14 Nf6 17. Re1) 16... Qg5 {[%emt 0:05:43][%cal Od6g3] Hoping for ...Bxg3!} 17. Kg2 Nf6 18. Nf1 Bd7 19. Rac1 Ne4 20. Bxe4 dxe4 21. Qxe4 (21. c5 $1 $11 Bf4 22. Ra1) 21... Rf4 $1 $17 ({Resist} 21... Qf6 22. c5 Bc7 23. cxb6 Bxb6 24. Nd2 $16) 22. Qe3 Raf8 $36 {[%emt 0:00:35][%cal Oe6e5][%mdl 2048] Keeping White busy.} 23. Nd2 Qg4 {[%emt 0:14:33] Black is more active.} (23... c5 $1 $17 {White must now prevent ...Bc6+.} 24. Nf3 Qg4) 24. Rf1 (24. Nf3 $15) 24... e5 $1 25. Nf3 {[%emt 0:02:38] Loses the game.} (25. c5 $17 {is the only way for White.} exd4 26. Bxd4 Rxd4 27. cxd6) 25... exd4 26. Bxd4 Re4 27. Qf2 c5 {[%emt 0:00:17][%mdl 1024] Black has strong compensation.} 28. Bc3 Bc6 {[%emt 0:05:07] aiming for ...h5. This bishop pair is nice.} 29. Rcd1 $2 (29. Kg1 {was the only chance.}) 29... Bc7 {[%emt 0:00:07][%cal Bd6c7,Bc7f4,Bf4e5][%mdl 32] Strongly threatening ...h5.} 30. Kg1 {[%emt 0:01:50] [#]} h5 $1 {[%emt 0:00:54][%cal Oh5h4] And now ...h4! would win.} 31. Qg2 Re3 32. Bd2 (32. Ba1) 32... Rexf3 ({And not} 32... Bxf3 33. exf3 Rexf3 34. Rxf3 Rxf3 35. Rf1 $11) 33. exf3 Rxf3 34. Bf4 Bxf4 35. Rd8+ {[%emt 0:01:04] [#]} Kf7 $1 {[%emt 0:01:42] ( -> ...Be3+)} 36. Rxf3 (36. Rd3 $142 Rxd3 37. Qxc6) 36... Bxf3 $19 37. Qf2 {[%emt 0:00:23] Against Be3} Be5 38. h3 Qe4 39. Kh2 h4 {[%emt 0:00:18] Weighted Error Value: White=0.76/Black=0.16 (very precise)} 0-1